 Dungeon Crawl Stone Soup version 0.30-a0-777-ga9a30cbeda (webtiles) character file.

Game seed: 719954825371802427

368 Flugslaktarn the Chopper (level 6, -1/43 HPs)
             Began as an Octopode Fighter on Feb 13, 2023.
             Was an Initiate of Gozag.
             Succumbed to an orc wizard's poison
             ... on level 4 of the Dungeon.
             The game lasted 00:01:50 (3724 turns).

Flugslaktarn the Chopper (Octopode Fighter)         Turns: 3724, Time: 00:01:51

Health: -1/43      AC:  2    Str: 15    XL:     6   Next: 69%
Magic:  6/6        EV: 14    Int: 10    God:    Gozag
Gold:   463        SH:  5    Dex: 14    Spells: 5/5 levels left

rFire   + . .      SeeInvis .    a - +0 war axe
rCold   + . .      Faith    .    b - +0 buckler
rNeg    . . .      Spirit   .    k - +1 hat
rPois   .          Reflect  .    (no amulet)
rElec   .          Harm     .    f - ring of protection from fire
rCorr   .          Rampage  .    c - ring of protection from cold
Will    .....                    (no ring)
Stlth   ++                       (no ring)
HPRegen 0.27/turn                (no ring)
MPRegen 0.10/turn                (no ring)
                                 (no ring)
                                 (no ring)

@: brilliant, lethally poisoned (-1 -> -8)
A: almost no armour, amphibious, 8 rings, camouflage 1, gelatinous body 1,
(nimble swimmer 1), tentacles
a: Renounce Religion, Potion Petition, Call Merchant, Bribe Branch


You were on level 4 of the Dungeon.
You worshipped Gozag.
Gozag was aware of your devotion.
You visited 1 branch of the dungeon, and saw 4 of its levels.

You collected 463 gold pieces.

Inventory:

Hand Weapons
 a - a +0 war axe (weapon)
Armour
 b - a +0 buckler (worn)
 k - a +1 hat (worn)
   (You found it on level 2 of the Dungeon)
Jewellery
 c - a ring of protection from cold (right tentacle)
   (You found it on level 2 of the Dungeon)
 f - a ring of protection from fire (left tentacle)
   (You found it on level 2 of the Dungeon)
 s - a ring of wizardry
   (You found it on level 3 of the Dungeon)
 u - a ring of flight
   (You found it on level 3 of the Dungeon)
Scrolls
 e - 3 scrolls of enchant weapon {unknown}
 g - 2 scrolls of identify {unknown}
 h - a scroll of torment {unknown}
 i - a scroll of enchant armour {unknown}
 l - a scroll of fear {unknown}
 m - 2 scrolls of noise {unknown}
 o - 2 scrolls of amnesia {unknown}
 r - 2 scrolls of teleportation {unknown}
 v - a scroll of fog {unknown}
Potions
 d - a potion of might
 j - a potion of attraction {unknown}
 n - a potion of resistance
 t - a potion of lignification


   Skills:
 + Level 4.1 Fighting
 * Level 4.5 Axes
 + Level 4.2 Dodging
 + Level 4.2 Shields


You had 5 spell levels left.
You didn't know any spells.
Your spell library was empty.

Dungeon Overview and Level Annotations

Branches:
Dungeon (4/15)
 Temple: D:4-7

Altars:
Dithmenos
Gozag
Makhleb

Annotations:
D:4 1 runed translucent door, Notanamesir's ghost, amateur GrGl


Innate Abilities, Weirdness & Mutations

You cannot wear most types of armour.
You are amphibious.
You can wear up to eight rings at the same time.
Your skin changes colour to match your surroundings (Stealth+).
Your rubbery body absorbs attacks. (AC +1, EV +1)
((You are camouflaged when in or above water. (Stealth+)))
You have tentacles for arms and can constrict up to eight enemies at once.


Message History

You barely miss the gnoll. Your grab misses the gnoll.
You block the gnoll's attack. The gnoll closely misses you.
You slash the gnoll! Your grab misses the gnoll. You squeeze the gnoll.
You kill the gnoll!
No target in view!
No target in view!
No target in view!
No target in view!
No target in view!
You now have 463 gold pieces (gained 4).
You see here a +0 flail.
You see here a +0 flail.
Notanamesir's ghost turns its malevolent gaze towards you.
Notanamesir's ghost keens inconsolably.
Found a runed translucent door.
An orc comes into view. It is wielding a +0 club.
An orc is nearby!
An orc is nearby!
An orc comes into view. It is wielding a +0 flail.
The orc shouts!
You hear a shout!
The orc shouts!
You hear a shout!
An orc comes into view. It is wielding a +0 club.
The orc moves out of view.
You hear a shout!
An orc wizard comes into view. It is wielding a +0 dagger.
You slash the orc!
You kill the orc!
You hit the orc. The orc hits you with a +0 flail!
You closely miss the orc. Your grab misses the orc.
The orc is heavily wounded.
The orc hits you with a +0 flail.
The orc is distracted by your dazzling golden aura.
The orc wizard casts a spell.
The orc wizard flickers and vanishes!
Deactivating autopickup; reactivate with Ctrl-A.
The orc hits you with a +0 flail.
You hit the orc.
You kill the orc!
The orc is no longer distracted by gold.
You slash the orc!
You kill the orc!
Notanamesir's ghost is distracted by your dazzling golden aura.
No reachable target in view!
No reachable target in view!
No reachable target in view!
Notanamesir's ghost turns its malevolent gaze towards you.
You hit something. Your squeeze misses something.
Notanamesir's ghost is no longer distracted by gold.
You barely miss something.
You hear a shout!
Your squeeze misses something. Something hits you.
You closely miss something. Your squeeze misses something.
You hear some strange, mumbled words.
A puff of flame appears from out of thin air!
You block the puff of flame.
You hit something.
Your tentacle-slap misses something.
An orc wizard comes into view. It is wielding a +3 dagger of venom.
Something hits you but does no damage. Something hits you.
The orc wizard is distracted by your dazzling golden aura.
You closely miss something.
The orc wizard shouts!
Your squeeze misses something.
The orc wizard is no longer distracted by gold.
The orc wizard gestures at you while chanting.
Something completely misses you.
You closely miss something.
The orc wizard is distracted by your dazzling golden aura.
Something hits you.
The orc wizard shouts!
You hit something but do no damage. Your squeeze misses something.
You hear some strange, mumbled words.
A magic dart appears from out of thin air!
The magic dart hits you!
You miss something. Your squeeze misses something.
The orc wizard is no longer distracted by gold.
You barely miss the orc wizard. You grab the orc wizard.
You constrict the orc wizard, but do no damage.
The orc wizard barely misses you.
You barely miss the orc wizard. You completely miss something.
You constrict the orc wizard. The orc wizard casts a spell at you.
The magic dart hits you!
* * * LOW HITPOINT WARNING * * *
Something hits you but does no damage.
You hit the orc wizard but do no damage.
The orc wizard is lightly wounded.
You closely miss something. You constrict the orc wizard.
The orc wizard hits you with a +3 dagger of venom.
* * * LOW HITPOINT WARNING * * *
You are lethally poisoned!
Something hits you.
* * * LOW HITPOINT WARNING * * *
Something hits you.
* * * LOW HITPOINT WARNING * * *
The orc wizard misses you.
Unknown command.
It was a potion of brilliance.
You feel clever all of a sudden.
You constrict the orc wizard.
You die...
Your body crumbles into a pile of gold.

..........##...##....
#........##..!..##..#
#........#⌠..♣...+..#
#######..##..?..##..###
# #...##...##.....# #
##...##W##......# #
##...###.......#
##########.......{....#
................@o....#
.....#############....#
.....# ...# .....# ...#
.....# ..#
§)...########## .#
..............# #
..............#
..............#


You could see an orc wizard and Notanamesir's ghost.

Vanquished Creatures
  An ogre (D:4)
  A gnoll bouda (D:4)
  Natasha (thrice) (D:2)
  An iguana (D:4)
  3 gnolls (D:4)
  5 adders
  2 dart slugs
  6 orcs
  12 bats
  6 endoplasms
  5 giant cockroaches
  5 goblins
  2 hobgoblins
  6 jackals
  2 quokkas
  3 ball pythons
  A frilled lizard (D:1)
  6 kobolds
  5 rats
75 creatures vanquished.

Notes
Turn   | Place    | Note
-------+----------+-------------------------------------------
     0 | D:1      | Flugslaktarn the Octopode Fighter began the quest for the
                  | Orb.
     0 | D:1      | Reached XP level 1. HP: 16/16 MP: 1/1
    93 | D:1      | Reached XP level 2. HP: 17/21 MP: 2/2
   579 | D:1      | Reached XP level 3. HP: 26/26 MP: 3/3
   974 | D:2      | Reached XP level 4. HP: 26/31 MP: 4/4
  1129 | D:2      | Noticed Natasha
  1140 | D:2      | Killed Natasha
  1639 | D:3      | Found a faded altar of an unknown god.
  1746 | D:3      | Prayed at the altar of an unknown god.
  1746 | D:3      | Became a worshipper of Gozag Ym Sagoz the Greedy
  2178 | D:2      | Noticed Natasha
  2184 | D:2      | Killed Natasha
  2185 | D:2      | Reached XP level 5. HP: 24/36 MP: 5/5
  2632 | D:2      | Noticed Natasha
  2639 | D:2      | Killed Natasha
  2802 | D:3      | Found a burning altar of Makhleb.
  3443 | D:4      | Found a shadowy altar of Dithmenos.
  3477 | D:4      | Reached XP level 6. HP: 32/43 MP: 6/6
  3698 | D:4      | Noticed Notanamesir's ghost (amateur GrGl)
  3701 | D:4      | Found a runed translucent door.
  3723 | D:4      | HP: 1/43 [something (2)]
  3724 | D:4      | Succumbed to an orc wizard's poison

Illustrated notes

Levels and vault maps discovered:
D:1:      eino_arrival_cavern_e, layout_basic
D:2:      layout_loops_cross, roderic_serpentine_path, uniq_natasha
D:3:      layout_loops_corners, bloody_makhleb, shapermc_ecumenical_altar_venn
D:4:      layout_basic, grunt_dithmenos_smoke, hellmonk_ghost_happy_afterlife,
          nrook_campfire

Skill      XL: |  1  2  3  4  5  6 |
---------------+-------------------+-----
Axes           | 3 4 |  4.5
Dodging        | 4 |  4.2
Shields        | 4 |  4.2
Fighting       | 4 |  4.1

Action                     |  1- 3 |  4- 6 || total
---------------------------+-------+-------++-------
  Melee: War axe           |    55 |    99 ||   154
         Constrict         |     9 |    26 ||    35
         Tentacles         |     4 |    18 ||    22
         Punch             |       |     2 ||     2
    Use: Potion            |       |     4 ||     4
   Stab: Sleeping          |     8 |     8 ||    16
 Armour: Skin              |     6 |    12 ||    18
  Dodge: Dodged            |    34 |    47 ||    81
  Block: Buckler           |    11 |    14 ||    25

Table legend: (Time is in decaauts)
 A = Elapsed time spent in this place.
 B = Non-inter-level travel time spent in this place.
 C = Inter-level travel time spent in this place.
 D = Time resting spent in this place.
 E = Time spent auto-exploring this place.
 F = Levels seen in this place.
 G = Mean time per level.
                   A        B        C        D        E       F      G
               +--------+--------+--------+--------+--------+-----+--------+
         Total |   3782 |   3641 |    141 |    125 |   2933 |   4 |  945.5 |
       Dungeon |   3782 |   3641 |    141 |    125 |   2933 |   4 |  945.5 |
               +--------+--------+--------+--------+--------+-----+--------+

Top non-repeatable levels by time:
     D:2: 1691 daAuts
     D:3: 957 daAuts
     D:1: 735 daAuts
     D:4: 398 daAuts
